 Dungeon Crawl Stone Soup version 0.19.5 (webtiles) character file.

27287 Neder the Cleaver (level 13, -2/86 HPs)
             Began as a Demonspawn Berserker on Apr 15, 2017.
             Was the Champion of Trog.
             Slain by a stone giant (15 damage)
             ... on level 2 of the Orcish Mines.
             The game lasted 00:51:38 (14224 turns).

Neder the Cleaver (Demonspawn Berserker)           Turns: 14224, Time: 00:51:39

Health: -2/86      AC: 27    Str: 22    XL:     13   Next: 3%
Magic:  4/4        EV: 11    Int: 10    God:    Trog [******]
Gold:   1226       SH:  5    Dex: 12    Spells: 0 memorised, 12 levels left

rFire  + . .     SeeInvis .     B - +4 broad axe (antimagic)
rCold  . . .     Gourm    .     R - +0 plate armour
rNeg   + . .     Faith    .     E - +0 buckler {rPois}
rPois  +         Spirit   .     (no helmet)
rElec  .         Reflect  .     (no cloak)
rCorr  .         Harm     .     g - +2 pair of gloves
MR     .....                    (no boots)
Stlth  ..........               K - amulet of regeneration
                                z - ring of positive energy
                                A - ring of protection from fire

@: exhausted, about to teleport, sanguine armour, slowed, drained, very slow
A: hooves 2, powered by death 3, sanguine armour 2
a: Berserk, Trog's Hand, Brothers in Arms, Burn Spellbooks, Renounce Religion


You were on level 2 of the Orcish Mines.
You worshipped Trog.
Trog was exalted by your worship.
You were hungry.

You visited 3 branches of the dungeon, and saw 15 of its levels.

You collected 1226 gold pieces.

Inventory:

Hand Weapons
 B - a +4 antimagic broad axe (weapon)
 M - a +0 morningstar
Armour
 g - a +2 pair of gloves (worn)
 E - a +0 buckler of poison resistance (worn)
 R - a +0 plate armour (worn)
Jewellery
 b - a +2 ring of dexterity
 m - an uncursed ring of ice
 z - a ring of positive energy (right hand)
 A - a ring of protection from fire (left hand)
 K - an amulet of regeneration (around neck)
Wands
 h - a wand of flame (12/48)
 j - a wand of polymorph (10/24)
 v - a wand of digging (7/24)
 D - a wand of flame (34/48)
 H - a wand of polymorph (8/24)
 O - a wand of lightning (10/15)
Scrolls
 i - a scroll of recharging
 p - a scroll of fog
 G - 5 scrolls of remove curse
Potions
 e - 2 potions of resistance
 l - 4 potions of curing
 o - a potion of flight {unknown}
 q - 2 potions of invisibility
 s - a potion of haste
 u - 3 potions of magic
 C - a potion of ambrosia {unknown}
 F - 3 potions of agility {unknown}
 I - a potion of berserk rage {unknown}
 L - a potion of might {unknown}
Comestibles
 a - a chunk of flesh
 c - 4 bread rations
 f - 2 slices of pizza
 t - 2 royal jellies
 w - 2 meat rations
 J - 18 fruits


   Skills:
 - Level 3.0(2.9) Fighting
 - Level 13.9 Axes
 + Level 10.1 Armour
 + Level 10.2(10.1) Dodging
 - Level 4.2(4.1) Shields


You had 12 spell levels left.
You didn't know any spells.

Dungeon Overview and Level Annotations

Branches:
Dungeon (12/15)            Temple (0/1) D:4            Lair (1/6) D:10
    Orc (2/2) D:9             Elf (0/3) Orc:2

Altars:
Ashenzari
Cheibriados
Kikubaaqudgha
Sif Muna
Trog
Uskayaw
Vehumet
Beogh

Shops:
D:8 *   Orc:1 *   Orc:2 ?(!:

Annotations:
D:5 1 runed door


Innate Abilities, Weirdness & Mutations

You have hoof-like feet.
You regenerate a lot of health from kills.
When seriously injured, your bleeding wounds create thick armour. (AC +9)


Message History

You kick the stone giant, but do no damage.
The stone giant is lightly wounded.
The stone giant closely misses you.
You feel a strong urge to attack something.
Items here: ))) [[[ You are no longer berserk.
Trog's vigour flows through your veins.
You are exhausted.
You feel yourself slow down.
You see here a flail.
As you read the scroll of fear, it crumbles to dust.
You assume a fearsome visage.
The stone giant easily resists.
Evoke which item? (* to show all) (? for menu, Esc to quit)
Okay, then.
Okay, then.
Okay, then.
Okay, then.
As you read the scroll of teleportation, it crumbles to dust.
You feel strangely unstable. The stone giant hits you!
You die...

#≈.....##§.........≈##.....§#
#§§.8..##≈.........≈##..8..≈#
##§§§..≈##≈.8..∩..8.≈##≈..§§≈#
#§≈§...≈###############≈...≈≈≈
#≈≈§≈..≈≈§≈§§§§≈§≈≈≈≈≈≈≈..§§§≈
#≈§≈≈§.....§§...........§§≈§≈≈
#§≈≈≈.............(...§..§§§§§
#≈≈≈....#......8......#....§≈§
##≈≈8..≈#≈..#@)[.(#..≈#§..8≈§#
#≈≈#..≈#≈..#≈C[(≈#.§≈#≈..#≈≈#
#§≈#..§#§..#≈...≈#..≈#≈..#≈≈#
#≈###..#..##§[[.≈##..#..###≈#
## #..§..#≈§...≈≈#.....#§###
###8###≈≈.).≈≈###∩###≈§≈≈
###≈§≈≈.[.≈§§§###≈§§≈≈.
≈≈§≈##≈.[^≈##§≈§≈≈≈§≈§[
§≈≈§##≈[..§##§§§≈≈.<..)


You could see a stone giant.

Vanquished Creatures
  Fannar (D:11)
  2 hydras (D:11)
  3 ogre magi (Orc:2)
  Erica (D:10)
  The ghost of sevenseve the Fighter, a journeyman GrFi of the Shining One (D:11)
  2 unseen horrors (D:11)
  The ghost of Yarinad the Fighter, a novice GrFi (D:8)
  3 hill giants
  2 orc knights
  A cyclops (D:11)
  10 orc sorcerers
  Psyche (D:9)
  2 spiny frogs (Lair:1)
  A gargoyle (D:10)
  Joseph (D:9)
  A kobold demonologist (D:11)
  2 trolls
  3 two-headed ogres
  4 hippogriffs
  Prince Ribbit (D:8)
  A vampire (D:12)
  Grum (D:9)
  Sigmund (D:6)
  8 yaks
  A hungry ghost (D:11)
  3 wargs
  A water moccasin (Lair:1)
  12 orc warriors
  4 sky beasts
  2 black bears
  An ice beast (D:8)
  2 phantoms
  10 ogres
  4 wolves
  4 centaurs
  A crocodile (Lair:1)
  5 big kobolds
  7 bullfrogs
  4 scorpions
  3 killer bees (D:8)
  3 electric eels
  3 howler monkeys
  4 crimson imps
  A bullfrog zombie (D:10)
  2 centaur zombies
  3 quasits
  10 hounds
  17 orc priests
  4 jellies
  2 bullfrog skeletons
  27 orc wizards
  3 centaur skeletons
  3 iguanas
  8 worker ants
  A hound zombie (D:11)
  2 hound skeletons
  Robin (D:4)
  A howler monkey zombie (D:11)
  2 worker ant zombies (D:11)
  9 adders
  8 gnolls
  A shadow imp (D:6)
  An ooze (D:7)
  2 adder skeletons
  3 worms
  3 dart slugs
  5 leopard geckos
  55 orcs
  A ball python (D:6)
  6 giant cockroaches
  17 goblins
  9 hobgoblins
  12 jackals
  2 quokkas
  6 bats
  9 frilled lizards
  36 kobolds
  2 leopard gecko skeletons (D:6)
  4 rats
  A plant (D:9)
407 creatures vanquished.

Vanquished Creatures (others)
  2 orc wizards (Orc:2)
  An orc (Orc:2)
3 creatures vanquished.

Grand Total: 410 creatures vanquished

Notes
Turn   | Place    | Note
-------+----------+-------------------------------------------
     0 | D:1      | Neder the Demonspawn Berserker began the quest for the Orb.
     0 | D:1      | Reached XP level 1. HP: 18/18 MP: 1/1
   304 | D:1      | Reached skill level 3 in Axes
   405 | D:1      | Gained mutation: You regenerate a little health from kills. [demonic ancestry]
   405 | D:1      | Reached XP level 2. HP: 19/24 MP: 2/2
   460 | D:1      | Found a deep blue altar of Sif Muna.
   699 | D:1      | Reached XP level 3. HP: 29/29 MP: 3/3
   867 | D:2      | Reached ** piety under Trog
   909 | D:2      | Reached skill level 4 in Axes
   981 | D:2      | Found a hide-covered altar of Uskayaw.
  1201 | D:2      | Reached XP level 4. HP: 35/35 MP: 4/4
  1616 | D:3      | Reached skill level 5 in Axes
  2155 | D:3      | Reached XP level 5. HP: 40/41 MP: 5/5
  2168 | D:3      | Reached *** piety under Trog
  2658 | D:4      | Reached skill level 6 in Axes
  2768 | D:4      | Found a staircase to the Ecumenical Temple.
  2776 | D:4      | Gained mutation: You have large cloven feet. [demonic ancestry]
  2776 | D:4      | Reached XP level 6. HP: 42/47 MP: 6/6
  3117 | D:4      | Noticed Robin
  3153 | D:4      | Killed Robin
  3440 | D:5      | Entered Level 5 of the Dungeon
  3495 | D:5      | Reached skill level 7 in Axes
  3554 | D:5      | Gained mutation: When seriously injured, your bleeding wounds create armour. (AC +9) [demonic ancestry]
  3554 | D:5      | Reached XP level 7. HP: 45/52 MP: 7/7
  3909 | D:5      | Found a runed door.
  4035 | D:5      | Found a snail-covered altar of Cheibriados.
  4169 | D:5      | You fall through a shaft!
  4193 | D:6      | Noticed Sigmund
  4200 | D:6      | Killed Sigmund
  4200 | D:6      | Reached skill level 8 in Axes
  4202 | D:6      | Reached **** piety under Trog
  4720 | D:6      | Gained mutation: You regenerate health from kills. [demonic ancestry]
  4720 | D:6      | Reached XP level 8. HP: 58/58 MP: 8/8
  4850 | D:6      | Reached skill level 9 in Axes
  5354 | D:7      | Noticed a hippogriff
  5358 | D:7      | Killed a hippogriff
  5358 | D:7      | Reached skill level 10 in Axes
  5529 | D:7      | Found a faded altar of an unknown god.
  5529 | D:7      | Found a bloodstained altar of Trog.
  5534 | D:7      | Found a shattered altar of Ashenzari.
  5536 | D:7      | Found a faded altar of an unknown god.
  5537 | D:7      | Found a faded altar of an unknown god.
  6258 | D:8      | Noticed Prince Ribbit
  6261 | D:8      | Found Vitzimeh's Assorted Antiques.
  6271 | D:8      | Killed Prince Ribbit
  6282 | D:8      | Noticed Yarinad's ghost (novice GrFi)
  6336 | D:8      | Reached skill level 11 in Axes
  6336 | D:8      | Gained mutation: You have hoof-like feet. [demonic ancestry]
  6336 | D:8      | Reached XP level 9. HP: 53/63 MP: 9/9
  6711 | D:8      | Killed Yarinad's ghost
  6724 | D:8      | Reached skill level 12 in Axes
  7335 | D:9      | Found a staircase to the Orcish Mines.
  7377 | D:9      | Noticed Grum
  7384 | D:9      | Received a gift from Trog
  7599 | D:9      | Killed Grum
  7599 | D:9      | Reached skill level 13 in Axes
  7728 | D:9      | Gained mutation: You regenerate a lot of health from kills. [demonic ancestry]
  7728 | D:9      | Reached XP level 10. HP: 70/70 MP: 10/10
  7955 | D:9      | Noticed a hill giant
  7963 | D:9      | Killed a hill giant
  8042 | D:9      | Noticed Joseph
  8066 | D:9      | Killed Joseph
  8183 | D:9      | Noticed Psyche
  8192 | D:9      | Killed Psyche
  8517 | D:9      | Identified a scroll of acquirement
  8702 | D:10     | Entered Level 10 of the Dungeon
  8713 | D:10     | Reached skill level 1 in Shields
  8871 | D:10     | Reached ***** piety under Trog
  8986 | D:10     | Found a staircase to the Lair.
  9153 | D:10     | Noticed Erica
  9153 | D:10     | Noticed a hill giant
  9161 | D:10     | Killed a hill giant
  9168 | D:10     | Killed Erica
  9168 | D:10     | Gained mutation: When seriously injured, your bleeding wounds create thick armour. (AC +9) [demonic ancestry]
  9168 | D:10     | Reached XP level 11. HP: 59/75 MP: 11/11
  9731 | D:11     | Noticed sevenseve's ghost (journeyman GrFi)
  9733 | D:11     | Noticed an orc knight
  9779 | D:11     | Noticed a six-headed hydra
  9812 | D:11     | Killed a six-headed hydra
  9818 | D:11     | Reached skill level 5 in Armour
  9820 | D:11     | Reached skill level 5 in Dodging
 10014 | D:11     | Killed an unseen horror
 10184 | D:11     | Noticed Sonja
 10202 | D:11     | Noticed Sonja
 10202 | D:11     | Sonja changed into Sonja the big kobold
 10213 | D:11     | Killed Sonja the big kobold
 10241 | D:11     | Noticed a five-headed hydra
 10385 | Lair:1   | Entered Level 1 of the Lair of Beasts
 10606 | Lair:1   | Noticed an eight-headed hydra
 10719 | Orc:1    | Entered Level 1 of the Orcish Mines
 10894 | Orc:1    | Found Guimm's Assorted Antiques.
 10936 | Orc:1    | Received a gift from Trog
 11301 | Orc:2    | Entered Level 2 of the Orcish Mines
 11301 | Orc:2    | Found a staircase to the Elven Halls.
 11609 | Orc:2    | Noticed an ogre mage
 11614 | Orc:2    | Noticed an orc sorcerer
 11616 | Orc:2    | Killed an ogre mage
 11626 | Orc:2    | Killed an orc sorcerer
 11626 | Orc:2    | Reached XP level 12. HP: 77/81 MP: 12/12
 11647 | Orc:2    | Reached ****** piety under Trog
 11775 | Orc:1    | Paralysed by an orc sorcerer for 4 turns
 12297 | D:11     | Killed a five-headed hydra
 12583 | D:11     | Noticed Fannar
 12617 | D:11     | Killed Fannar
 12672 | D:11     | Received a gift from Trog
 12930 | D:11     | Killed sevenseve's ghost
 13580 | Orc:2    | Found Jikhomy's Book Emporium.
 13609 | Orc:2    | Found a radiant altar of Vehumet.
 13609 | Orc:2    | Noticed an ogre mage
 13610 | Orc:2    | Noticed an ogre mage
 13615 | Orc:2    | Killed an ogre mage
 13644 | Orc:2    | Killed an ogre mage
 13736 | Orc:2    | Found Usoud's Distillery.
 13748 | Orc:2    | Reached skill level 10 in Dodging
 13749 | Orc:2    | Found an ancient bone altar of Kikubaaqudgha.
 13838 | Orc:2    | Found a roughly hewn altar of Beogh.
 13838 | Orc:2    | Found Pufath's Magic Scroll Emporium.
 13911 | Orc:2    | Reached skill level 10 in Armour
 13973 | Orc:2    | Received a gift from Trog
 13979 | Orc:2    | Reached XP level 13. HP: 86/86 MP: 4/13
 14158 | Orc:2    | Found Robumoto's Antique Weapon Emporium.
 14211 | Orc:2    | Noticed a stone giant
 14224 | Orc:2    | Slain by a stone giant

Skill      XL: |  1  2  3  4  5  6  7  8  9 10 11 12 |
---------------+-------------------------------------+-----
Axes           | 3 4 5 6 7 8 11 13 | 13.9
Shields        | 4 |  4.2
Armour         | 3 7 10 | 10.1
Dodging        | 3 7 10 | 10.2
Fighting       | |  3.0

Action                   |  1- 3 |  4- 6 |  7- 9 | 10-12 | 13-15 || total
-------------------------+-------+-------+-------+-------+-------++-------
Melee: Hand axe          |   139 |   227 |   346 |   353 |       ||  1065
       Kick              |       |    18 |    98 |   340 |     2 ||   458
       Morningstar       |       |       |       |   363 |       ||   363
       War axe           |       |       |       |   163 |       ||   163
       Broad axe         |       |       |       |   149 |     7 ||   156
Invok: Berserk           |     2 |     6 |    13 |    49 |     2 ||    72
Evoke: Wand              |       |       |       |     2 |       ||     2
  Use: Scroll            |       |       |    18 |    15 |     2 ||    35
       Potion            |       |       |     2 |     3 |       ||     5
 Stab: Sleeping          |     1 |       |       |       |       ||     1
  Eat: Chunk             |     3 |    10 |    11 |    53 |     3 ||    80
       Fruit             |       |     2 |     5 |     4 |       ||    11
       Beef jerky        |       |     1 |     1 |     1 |       ||     3
       Bread ration      |       |       |     2 |     2 |       ||     4
Armor: Animal skin       |    32 |    14 |       |       |       ||    46
       Ring mail         |       |    25 |       |       |       ||    25
       Chain mail        |       |    74 |   222 |   272 |       ||   568
       Plate armour      |       |       |       |   397 |     1 ||   398
Dodge: Dodged            |    90 |   117 |   127 |   378 |     3 ||   715
Block: Buckler           |       |       |       |   159 |     1 ||   160
